 Dungeon Crawl Stone Soup version 0.28.0-43-g3370ac3207 (webtiles) character file.

Game seed: 6698313448445193400

53981 sizableburger the Thaumaturge (level 14, -5/79 (98) HPs)
             Began as a Mummy Necromancer on Mar 4, 2022.
             Was a High Priest of Ru.
             Killed from afar by a starcursed mass (9 damage)
             ... with an accursed screaming
             ... on level 2 of the Abyss.
             The game lasted 01:48:50 (39524 turns).

sizableburger the Thaumaturge (Mummy Necromancer)  Turns: 39524, Time: 01:48:50

HP:   -5/79 (98)    AC: 16    Str: 12      XL:     14   Next: 32%
MP:   29/29         EV: 11    Int: 16 (19) God:    Ru [*****.]
Gold: 1066          SH:  5    Dex: 11 (12) Spells: 14/35 levels left

rFire   x . .      SeeInvis .   f - staff of death
rCold   + . .      Faith    .   (no shield)
rNeg    + + +      Spirit   .   t - +1 steam dragon scales
rPois   ∞          Reflect  +   H - +2 helmet
rElec   .          Harm     .   (no cloak)
rCorr   .          Rampage  .   i - +2 pair of gloves
Will    ++...                   j - +2 pair of boots {Stlth+}
Stlth   +++.......              l - amulet of reflection
HPRegen 0.23/turn               B - ring of willpower
MPRegen 0.21/turn               h - +4 ring of slaying

@: exhausted, studying Shields, heavily drained
A: cold resistance 1, frail 1, negative energy resistance 3, torment resistance
2, heat vulnerability 1, inability to train dodging, no conjurations magic, no
fire magic, no transmutations magic, in touch with death 1, missing an eye, no
potions
a: Renounce Religion, Draw Out Power, Power Leap, Apocalypse


You were on level 2 of the Abyss.
You worshipped Ru.
Ru was extremely pleased with you.
You visited 4 branches of the dungeon, and saw 20 of its levels.
You visited the Abyss 1 time.
You also visited: Ossuary.

You collected 1726 gold pieces.
You spent 660 gold pieces at shops.

Inventory:

Hand Weapons
 s - a +1 whip of flaming
 u - a +2 flail
 w - a +0 morningstar
Missiles
 y - 2 throwing nets
 z - 3 curare-tipped darts
Armour
 d - an orb of light
 e - the +1 ring mail of the Lair of Beasts {Will+}
   (You found it on level 2 of the Dungeon)

   Will:      It increases your willpower.
 g - an orb of guile
 i - a +2 pair of gloves (worn)
 j - a +2 pair of boots of stealth (worn)
 t - +1 steam dragon scales (worn)
 C - an orb of energy
 H - a +2 helmet (worn)
Magical Staves
 f - a staff of death (weapon)
Jewellery
 a - a +4 ring of slaying
 h - a +4 ring of slaying (right hand)
 l - an amulet of reflection (around neck)
 m - a ring of willpower
 q - a +6 ring of dexterity
 r - an amulet of magic regeneration
 v - a ring of magical power
 B - a ring of willpower (left hand)
 L - a +6 ring of intelligence
 N - a ring of fire
Wands
 b - a wand of digging (14)
 o - a wand of flame (36)
 A - a wand of paralysis (6)
 G - a wand of polymorph (4)
 K - a wand of charming (2)
 M - a wand of iceblast (6)
Scrolls
 c - a scroll of immolation
 k - 2 scrolls of holy word
 n - a scroll of silence
 p - 4 scrolls of noise
 D - 7 scrolls of identify
 F - 2 scrolls of fog
 J - a scroll of magic mapping
 P - a scroll of enchant weapon
Miscellaneous
 E - a box of beasts (inert)


   Skills:
 + Level 9.7 Fighting
 - Level 7.4(8.0) Maces & Flails
 - Level 4.3(6.5) Staves
 - Level 4.4 Armour
 - Level 1.5 Stealth
 - Level 11.0 Spellcasting
 + Level 7.3 Summonings
 + Level 9.9 Necromancy
 - Level 4.3 Ice Magic
 - Level 1.0 Air Magic
 - Level 1.1 Poison Magic
 + Level 10.6 Evocations


You had 14 spell levels left.
You knew the following spells:

 Your Spells              Type           Power      Damage    Failure   Level
a - Pain                  Necr           100%       1d9       1%          1
b - Vampiric Draining     Necr           75%        2d11      1%          3
c - Call Imp              Summ           32%        N/A       1%          2
d - Mephitic Cloud        Conj/Pois/Air  11%        N/A       19%         3
e - Animate Dead          Necr           37%        N/A       1%          4
f - Ozocubu's Armour      Ice            22%        N/A       4%          3
g - Agony                 Necr           75%        N/A       3%          5

Your spell library contained the following spells:

 Spells                   Type           Power      Damage    Failure   Level
 Animate Skeleton         Necr           100%       N/A       1%          1
 Haunt                    Necr/Summ      35%        N/A       90%         7
 Ozocubu's Refrigeration  Ice            11%        4d7       100%        7
 Discord                  Hex            4%         N/A       100%        8
 Disjunction              Tloc           4%         N/A       100%        8
 Infestation              Necr           37%        N/A       100%        8
 Magic Dart               Conj           Unusable   1d4       N/A         1
 Conjure Ball Lightning   Conj/Air       Unusable   3x3d6     N/A         6

Dungeon Overview and Level Annotations

Branches:
Dungeon (11/15)            Temple (1/1) D:5            Lair (6/6) D:10
 Shoals (0/4) Lair:4       Spider (0/4) Lair:2        Slime (0/5) Lair:6
    Orc (2/2) D:10            Elf (0/3) Orc:2       Ossuary (visited)

Altars:
Cheibriados
Dithmenos
Elyvilon
Gozag
Makhleb
Nemelex Xobeh
Ru
Trog
Vehumet
Wu Jian
Yredelemnul
The Shining One
Beogh

Shops:
Orc:1 (   Orc:2 =*([

Annotations:
Lair:6 1 runed translucent door
Orc:1 Sonja


Innate Abilities, Weirdness & Mutations

You are immune to poison.
Your flesh is cold resistant. (rC+)
You are frail. (-10% HP)
You are immune to negative energy. (rN+++)
You are immune to unholy pain and torment.
You are vulnerable to heat. (rF-)
You cannot train Dodging skill.
You cannot study or cast Conjurations magic.
You cannot study or cast Fire magic.
You cannot study or cast Transmutations magic.
You are in touch with the powers of death.
You are missing an eye, making it more difficult to aim.
You do not drink.


Message History

Press: ? - help, Shift-Dir - straight line, f - hell hound
Aim: a hell hound (slow, chance to affect: 72%)
The hell hound struggles to resist.
You feel less exhausted. The hell hound bites you.
You focus your inner power and slow the hell hound in retribution!
Aiming: Paralyse
Press: ? - help, Shift-Dir - straight line, f/p - hell hound
Aim: a hell hound (slow, chance to affect: 72%)
The hell hound suddenly stops moving!
A chorus of shrieks assaults your mind.
* * * LOW HITPOINT WARNING * * *
Unknown command.
A starcursed mass splits.
A starcursed mass splits.
You redirect the large abomination's attack!
The large abomination completely misses the large abomination.
Aiming: Paralyse
Press: ? - help, Shift-Dir - straight line, f/p - hell hound
Aim: a hell hound (paralysed, chance to affect: 72%)
Okay, then.
Aiming: Paralyse
Press: ? - help, Shift-Dir - straight line, f - large abomination
Aim: a large abomination (chance to affect: 11%)
The large abomination resists with almost no effort.
The large abomination hits you!
* * * LOW HITPOINT WARNING * * *
Unknown command.
You are restored by drawing out deep reserves of power within.
You feel drained. The large abomination hits you!!
* * * LOW HITPOINT WARNING * * *
The thrashing horror tramples you!
* * * LOW HITPOINT WARNING * * *
You hold your ground!
You focus your inner power and slow the thrashing horror in retribution!
The thrashing horror barely misses you. A chorus of shrieks assaults your mind.
* * * LOW HITPOINT WARNING * * *
A chorus of shrieks assaults your mind.
You die...

#. .# x.#### .. ##..
§#.#..# ##..# ..#
#...§..## ..#.
...#.#.#. ### .... ...#
.#.##.. ###
...#....#.##.#.####....
.. ..#.#X.X.X.#...#
##......X###..#.@# .
#.#.#..#.#.X#...# .###.
.##X#..#.....# #
#...X####..#.###.# ####
# #.###..### .# ......
. X##..# #
......X.#.##..# .
...X#h# .......XX.##


You could see 2 starcursed masses, a thrashing horror (slow) and a large
abomination.

Vanquished Creatures
  An orc warlord (Orc:1)
  Josephine (Lair:5)
  5 hydras
  3 catoblepae
  4 death yaks
  2 orc high priests (Orc:2)
  Pikel (D:4)
  A lindwurm (Lair:6)
  3 orc knights
  2 orc sorcerers
  4 manticores
  10 elephants
  4 black mambas
  17 cane toads
  7 torpor snails
  2 rime drakes
  12 komodo dragons
  2 trolls
  3 tyrant leeches (Lair:6)
  A wind drake (Lair:4)
  2 polar bears
  6 hornets (Lair:6)
  7 blink frogs
  12 dream sheep
  2 wraiths
  4 wyverns
  4 basilisks
  Grum (D:10)
  21 yaks
  A steam dragon (D:7)
  3 vampire mosquitoes (D:11)
  3 wargs (Orc:1)
  2 acid dragons
  12 water moccasins
  A swamp drake (D:10)
  2 sky beasts
  3 black bears
  22 orc warriors
  17 wolves
  A centaur (D:6)
  7 ogres
  3 kobold brigands
  2 lemures (D:3)
  A gnoll sergeant (D:7)
  11 bullfrogs
  2 wyvern zombies
  3 water moccasin zombies (Ossuary)
  5 scorpions
  2 water moccasin skeletons
  9 killer bees
  9 wights
  8 howler monkeys
  5 bullfrog zombies (Ossuary)
  11 centaur zombies
  3 hounds
  2 bullfrog skeletons
  A centaur skeleton (D:5)
  16 orc priests
  A jelly (D:7)
  4 iguanas
  Jessica (D:3)
  13 orc wizards
  Natasha (thrice) (D:2)
  4 killer bee zombies
  11 mummies (Ossuary)
  2 howler monkey zombies (Ossuary)
  4 gnolls
  2 howler monkey skeletons (D:4)
  10 adders
  A shadow imp (D:5)
  2 white imps
  An ufetubus (D:4)
  A worm (D:2)
  4 dart slugs
  70 orcs
  5 endoplasms
  A giant cockroach (D:1)
  12 goblins
  8 hobgoblins
  6 jackals
  4 quokkas
  7 ball pythons
  7 bats
  5 frilled lizards
  A goblin zombie (D:5)
  11 kobolds
  A quokka zombie (D:5)
  8 rats
  A spectral hobgoblin (D:1)
522 creatures vanquished.

Vanquished Creatures (collateral kills)
  A hydra (Lair:6)
  A death yak (Lair:6)
  An elephant (Lair:4)
  A komodo dragon (Lair:5)
  An ancient zyme (Abyss:2)
  A phantom (D:3)
6 creatures vanquished.

Vanquished Creatures (others)
  A komodo dragon (Lair:3)
  A tyrant leech (Lair:6)
  A blink frog (Lair:1)
  A wraith (Lair:6)
  A wyvern (D:10)
  An orc warrior (Orc:2)
  A centaur (D:9)
  A starcursed mass (Abyss:2)
  An orc (Orc:2)
  A bush (Lair:5)
  51 fungi
  70 plants
  2 starspawn tentacles (Abyss:2)
  10 withered plants (Ossuary)
143 creatures vanquished.

Grand Total: 671 creatures vanquished

Notes
Turn   | Place    | Note
-------+----------+-------------------------------------------
     0 | D:1      | sizableburger the Mummy Necromancer began the quest for the
                  | Orb.
     0 | D:1      | Reached XP level 1. HP: 13/13 MP: 4/4
   233 | D:1      | Reached skill level 3 in Spellcasting
   315 | D:1      | Found a faded altar of an unknown god.
   364 | D:1      | Reached XP level 2. HP: 18/19 MP: 6/6
   678 | D:1      | Reached skill level 1 in Maces & Flails
  1044 | D:2      | Identified the +1 ring mail of the Lair of Beasts {Will+}
  1111 | D:2      | Reached XP level 3. HP: 24/24 MP: 5/7
  1205 | D:2      | Learned a level 3 spell: Vampiric Draining
  2027 | D:2      | Noticed Natasha
  2034 | D:2      | Killed Natasha
  2035 | D:2      | Reached XP level 4. HP: 30/30 MP: 2/9
  2138 | D:2      | Noticed Natasha
  2149 | D:2      | Killed Natasha
  2150 | D:2      | Reached skill level 4 in Spellcasting
  2342 | D:2      | Noticed Natasha
  2346 | D:2      | Killed Natasha
  2347 | D:2      | Reached XP level 5. HP: 35/35 MP: 1/11
  2796 | D:3      | Noticed Jessica
  2827 | D:3      | Killed Jessica
  2828 | D:3      | Reached skill level 5 in Necromancy
  2867 | D:3      | Found a large runed translucent door.
  3273 | D:3      | Found a large runed translucent door.
  3495 | D:3      | Reached skill level 1 in Fighting
  3747 | D:3      | Learned a level 2 spell: Call Imp
  4094 | D:4      | Reached XP level 6. HP: 37/43 MP: 10/13
  4188 | D:4      | Identified a scroll of acquirement
  4188 | D:4      | Acquired a staff of death
  4235 | D:4      | Reached skill level 5 in Spellcasting
  4408 | D:4      | Reached skill level 1 in Summonings
  4414 | D:4      | Reached skill level 1 in Staves
  4414 | D:4      | Reached skill level 1 in Evocations
  4481 | D:4      | Found a radiant altar of Vehumet.
  4677 | D:4      | Found a shadowy altar of Dithmenos.
  4946 | D:3      | Reached XP level 7. HP: 18/51 MP: 8/14
  5337 | D:5      | Entered Level 5 of the Dungeon
  5659 | D:5      | Found a sand-covered staircase.
  5659 | D:5      | Noticed Pikel
  5713 | Ossuary  | Entered an ossuary
  5850 | Ossuary  | Reached XP level 8. HP: 31/59 MP: 15/15
  7836 | D:4      | Killed Pikel
  7837 | D:4      | Reached skill level 5 in Fighting
  7837 | D:4      | Reached XP level 9. HP: 36/68 MP: 7/16
  8540 | D:5      | Found a staircase to the Ecumenical Temple.
  8546 | Temple   | Entered the Ecumenical Temple
  8582 | Temple   | Became a worshipper of Ru the Awakened
  9146 | D:6      | Learned a level 3 spell: Mephitic Cloud
  9566 | D:6      | Learned a level 4 spell: Animate Dead
 10503 | D:6      | Reached skill level 1 in Conjurations
 10503 | D:6      | Reached skill level 1 in Poison Magic
 10559 | D:6      | Reached skill level 1 in Air Magic
 10967 | D:7      | Noticed a two-headed ogre
 11096 | D:7      | Gained mutation: You cannot study or cast Fire magic. [Ru
                  | sacrifice]
 11096 | D:7      | Gained mutation: You cannot study or cast Transmutations
                  | magic. [Ru sacrifice]
 11096 | D:7      | Gained mutation: You cannot study or cast Conjurations
                  | magic. [Ru sacrifice]
 11096 | D:7      | Reached * piety under Ru
 11323 | D:7      | Noticed a manticore
 11587 | D:7      | Reached skill level 5 in Evocations
 11995 | D:7      | Killed a manticore
 11996 | D:7      | Reached XP level 10. HP: 58/77 MP: 2/18
 13704 | D:7      | Learned a level 3 spell: Ozocubu's Armour
 14268 | D:8      | Reached skill level 6 in Spellcasting
 14568 | D:8      | Found an opulent altar of Gozag.
 15010 | D:8      | Reached skill level 1 in Ice Magic
 15681 | D:10     | Entered Level 10 of the Dungeon
 15989 | D:10     | Gained mutation: You cannot train Dodging skill. [Ru
                  | sacrifice]
 15989 | D:10     | Reached ** piety under Ru
 16125 | D:10     | Found a staircase to the Orcish Mines.
 16404 | D:10     | Noticed a two-headed ogre
 16939 | D:10     | Reached skill level 5 in Maces & Flails
 17068 | D:10     | Noticed Grum
 17086 | D:10     | Killed Grum
 17871 | D:10     | Found a staircase to the Lair.
 17896 | D:10     | Reached XP level 11. HP: 62/86 MP: 15/20
 18546 | D:11     | Noticed a boulder beetle
 18772 | Lair:1   | Entered Level 1 of the Lair of Beasts
 19274 | Lair:1   | Noticed a five-headed hydra
 19750 | Lair:1   | Learned a level 5 spell: Agony
 21506 | Lair:1   | Killed a five-headed hydra
 21580 | Lair:1   | Reached skill level 1 in Armour
 21913 | Lair:2   | Reached skill level 7 in Spellcasting
 22057 | Lair:2   | Gained mutation: You are missing an eye, making it more
                  | difficult to aim. [Ru sacrifice]
 22057 | Lair:2   | Reached *** piety under Ru
 22427 | Lair:1   | Reached XP level 12. HP: 68/95 MP: 4/22
 22775 | Lair:2   | Found a hole to the Spider Nest.
 24106 | Lair:3   | Noticed a six-headed hydra
 24118 | Lair:3   | Killed a six-headed hydra
 24119 | Lair:3   | Reached skill level 8 in Spellcasting
 25103 | Lair:3   | Noticed a five-headed hydra
 25127 | Lair:3   | Killed a five-headed hydra
 25831 | Lair:4   | Found a staircase to the Shoals.
 26084 | Lair:4   | Reached skill level 9 in Spellcasting
 26227 | Lair:4   | Noticed a catoblepas
 27645 | Lair:4   | Killed a catoblepas
 27646 | Lair:4   | Gained mutation: You are in touch with the powers of death.
                  | [Mummy growth]
 27646 | Lair:4   | Reached XP level 13. HP: 88/101 MP: 2/26
 28415 | Lair:4   | Reached skill level 10 in Spellcasting
 29764 | Lair:5   | Reached skill level 5 in Summonings
 30534 | Lair:6   | Entered Level 6 of the Lair of Beasts
 30635 | Lair:6   | Noticed Josephine
 30676 | Lair:5   | Killed Josephine
 31153 | Lair:6   | Found a runed translucent door.
 31465 | Lair:6   | Reached skill level 11 in Spellcasting
 32387 | Lair:6   | Reached skill level 10 in Evocations
 33302 | Lair:6   | Identified the +1 scale mail "Ynodgh" {MP+9}
 33323 | Lair:6   | Found a staircase to the Slime Pits.
 34680 | Lair:6   | Reached XP level 14. HP: 70/108 MP: 1/29
 35815 | Orc:1    | Entered Level 1 of the Orcish Mines
 35967 | Orc:2    | Entered Level 2 of the Orcish Mines
 35972 | Orc:2    | Found a staircase to the Elven Halls.
 36566 | Orc:1    | Found Jurphi Cucs's Antique Weapon Boutique.
 36852 | Orc:2    | Paralysed by an orc sorcerer for 5 turns
 37888 | Orc:2    | Noticed an orc warlord
 37978 | Orc:1    | Killed an orc warlord
 38120 | Orc:2    | Found Hepeirye's Antique Armour Shoppe.
 38122 | Orc:2    | Found Kuiwexta's Antique Weapon Emporium.
 38822 | Orc:2    | Found Nungoir's Jewellery Shop.
 39033 | Orc:2    | Found Cargh's Assorted Antiques.
 39041 | Orc:2    | Bought a gilded ring for 150 gold pieces
 39041 | Orc:2    | Bought a scroll of summoning for 285 gold pieces
 39041 | Orc:2    | Bought a scroll of enchant weapon for 225 gold pieces
 39070 | Orc:1    | Noticed Sonja
 39162 | Orc:1    | Cast into level 2 of the Abyss (Sonja)
 39217 | Abyss:2  | Noticed a starcursed mass
 39236 | Abyss:2  | Found a corrupted altar of Lugonu.
 39284 | Abyss:2  | Gained mutation: You are frail. (-10% HP) [Ru sacrifice]
 39284 | Abyss:2  | Reached **** piety under Ru
 39284 | Abyss:2  | Reached ***** piety under Ru
 39292 | Abyss:2  | Noticed a tentacled starspawn
 39368 | Abyss:2  | Noticed a starcursed mass
 39401 | Abyss:2  | HP: 2/98 [starcursed mass/accursed screaming (5)]
 39416 | Abyss:2  | HP: 1/98 [starcursed mass/accursed screaming (5)]
 39419 | Abyss:2  | Found a hide-covered altar of Uskayaw.
 39502 | Abyss:2  | Noticed a starcursed mass
 39524 | Abyss:2  | Killed from afar by a starcursed mass

Illustrated notes

Levels and vault maps discovered:
D:1:      amcnicky_arrival_abandoned_market, layout_basic,
          dreamdust_ecumenical_altar_drowned_temple
D:2:      layout_basic, feat_on_display, uniq_natasha
D:3:      layout_basic, nicolae_elyvilon_temple_path, jmf_multi_god_temple2,
          serial_glass, glass_columns_c, glass_columns_a,
          minmay_misc_feat_columns, kennysheep_generic_room_6, uniq_jessica
D:4:      layout_cave_pools, mainiacjoe_overflow_two_lobes
D:5:      layout_basic, minmay_temple_entry_fiery, enter_ossuary_4,
          minivault_23, uniq_pikel
D:6:      layout_layer_cave, minmay_quadrilaterals
D:7:      layout_loops_ring, hangedman_glass_teeth, kennysheep_diamond
D:8:      layout_loops_cross, kennysheep_mini, dk_noncrumbling_2
D:9:      layout_cave_pools
D:10:     layout_loops_ring, erik_lair_dragon, david_orc_2, uniq_grum
D:11:     layout_basic, okawaru_metal_pillars_3
Temple:   regret_index_temple_sphere_string
Lair:1:   layout_chaotic_city, nicolae_volcano_entry_lava_flow,
          grunt_megastairs_2
Lair:2:   layout_regular_city, spider_nest_entry_web_field, beast_lair_carwin_1
Lair:3:   layout_cave_pods, grunt_megastairs_1, lemuel_fruit_tree
Lair:4:   layout_loops_ring, minmay_shoals_entry_beasts
Lair:5:   layout_roguey, st_stairs_5
Lair:6:   hangedman_lair_in_review, layout_regular_city, wormcave,
          dpeg_slime_entry_corner, chequers_serial_rivers_micro_b,
          uniq_josephine
Orc:1:    layout_diamond_mine, basic_altar, serial_shops,
          nicolae_shop_waterfront, uniq_sonja
Orc:2:    grunt_orc_community_town_hall, layout_caves,
          grunt_orc_community_big_house_2, grunt_orc_community_big_house_2,
          grunt_orc_community_house_1, grunt_orc_community_house_3,
          grunt_orc_community_house_2, grunt_orc_community_house_2, basic_altar
Abyss:2:  base: D:2, base: D:2, hangedman_abyss_or_decor_clamps

Skill      XL: |  1  2  3  4  5  6  7  8  9 10 11 12 13 14 |
---------------+-------------------------------------------+-----
Spellcasting   | 3 4 5 6 7 9 11 | 11.0
Maces & Flails | 1 2 3 4 5 6 7 |  7.4
Necromancy     | 5 6 7 8 9 |  9.9
Fighting       | 1 2 3 5 6 8 9 |  9.7
Summonings     | 1 2 3 4 6 7 |  7.3
Staves         | 1 2 3 4 |  4.3
Evocations     | 1 2 4 5 6 7 8 10 | 10.6
Conjurations   | 0 |  0.0
Poison Magic   | 1 |  1.1
Air Magic      | 1 |  1.0
Ice Magic      | 3 4 |  4.3
Dodging        | 0 |  0.0
Armour         | 1 3 4 |  4.4
Stealth        | |  1.5

Action                   |  1- 3 |  4- 6 |  7- 9 | 10-12 | 13-15 || total
-------------------------+-------+-------+-------+-------+-------++-------
Melee: Club              |     2 |       |       |       |       ||     2
       Whip              |    11 |    76 |   391 |   210 |       ||   688
       Punch             |       |     3 |    11 |     2 |       ||    16
       Staff             |       |    49 |    89 |   561 |   583 ||  1282
       Flail             |       |       |       |       |    60 ||    60
 Cast: Pain              |    72 |    65 |    40 |    36 |     4 ||   217
       Vampiric Draining |     1 |    12 |    50 |   115 |    78 ||   256
       Call Imp          |       |     4 |    16 |    21 |     5 ||    46
       Animate Dead      |       |       |     1 |     5 |     7 ||    13
       Ozocubu's Armour  |       |       |       |    49 |    48 ||    97
       Agony             |       |       |       |    16 |    43 ||    59
Invok: Sacrifice Arcana  |       |       |     1 |       |       ||     1
       Sacrifice Nimblen |       |       |       |     1 |       ||     1
       Sacrifice an Eye  |       |       |       |     1 |       ||     1
       Reject Sacrifices |       |       |       |     1 |       ||     1
       Draw Out Power    |       |       |       |       |     4 ||     4
       Power Leap        |       |       |       |       |     1 ||     1
       Sacrifice Health  |       |       |       |       |     1 ||     1
Evoke: Wand              |       |       |    12 |     5 |    18 ||    35
       Box of beasts     |       |       |       |       |     1 ||     1
  Use: Scroll            |       |     4 |     8 |    14 |    10 ||    36
 Stab: Sleeping          |       |     1 |     2 |     1 |       ||     4
       Distracted        |       |       |     2 |     4 |       ||     6
       Confused          |       |       |       |     3 |       ||     3
Armor: Robe              |     5 |    30 |   104 |       |       ||   139
       Ring mail         |       |       |    42 |    28 |       ||    70
       Steam dragon scal |       |       |       |   338 |   309 ||   647
Dodge: Dodged            |    15 |    85 |   299 |   431 |   330 ||  1160
Block: Other             |       |    21 |   130 |    11 |    10 ||   172
       Reflection        |       |       |     5 |     1 |     1 ||     7
       Orb               |       |       |       |   193 |   142 ||   335
